 Dungeon Crawl Stone Soup version 0.28-a0-1199-gef9e1dbd39 (webtiles) character file.

Game seed: 10930868225061028826

2328 ChaosChampion the Martial Artist (level 9, 0/72 HPs)
             Began as a Pale Draconian Transmuter on Dec 19, 2021.
             Was a Follower of Okawaru.
             Slain by Maggie (1 damage)
             ... on level 7 of the Dungeon.
             The game lasted 00:10:27 (7755 turns).

ChaosChampion the Martial Artist (DrTm)             Turns: 7755, Time: 00:10:28

Health: 0/72       AC:  7    Str: 12    XL:     9   Next: 19%
Magic:  6/15       EV: 18    Int: 18    God:    Okawaru [*.....]
Gold:   352        SH:  0    Dex: 18    Spells: 8/16 levels left

rFire   . . .      SeeInvis .     - Unarmed
rCold   . . .      Faith    .   (no shield)
rNeg    . . .      Spirit   .   (armour unavailable)
rPois   .          Reflect  .   (helmet currently unavailable)
rElec   .          Harm     .   (no cloak)
rCorr   .          Rampage  .   (no gloves)
Will    .....                   (boots currently unavailable)
Stlth   ++........              (no amulet)
HPRegen 0.22/turn               f - +4 ring of evasion
MPRegen 0.14/turn               n - +6 ring of dexterity

@: short of breath, appendages, wereblooded, mesmerised
A: horns 2, talons 2, breathe steam, AC +7, unfitting armour, cold-blooded,
steam resistance
a: Breathe Steam, End Transformation, Renounce Religion, Heroism


You were on level 7 of the Dungeon.
You worshipped Okawaru.
Okawaru was aware of your devotion.
You had temporarily grown beastly horns and talons.
You visited 2 branches of the dungeon, and saw 8 of its levels.
You also visited: Sewer.

You collected 352 gold pieces.

Inventory:

Missiles
 e - 22 poisoned darts
Armour
 c - a +1 pair of boots (melded)
Magical Staves
 s - a staff of fire
Jewellery
 f - a +4 ring of evasion (left hand)
 h - an amulet of magic regeneration
 n - a +6 ring of dexterity (right hand)
Wands
 u - a wand of charming (8)
Scrolls
 b - a scroll of amnesia {unknown}
 i - 2 scrolls of enchant weapon {unknown}
 j - 4 scrolls of teleportation {unknown}
 k - 2 scrolls of blinking {unknown}
 l - a scroll of brand weapon {unknown}
 m - 2 scrolls of fog {unknown}
 o - 4 scrolls of identify {unknown}
 q - 2 scrolls of vulnerability {unknown}
 r - a scroll of enchant armour
 t - a scroll of acquirement {unknown}
Potions
 a - a potion of degeneration {unknown}
 d - 2 potions of curing
 g - 5 potions of flight
 p - 3 potions of lignification {unknown}
 v - 2 potions of berserk rage {unknown}


   Skills:
 + Level 4.7 Fighting
 + Level 4.2 Dodging
 - Level 8.0 Unarmed Combat
 - Level 4.0 Spellcasting
 - Level 3.0 Translocations
 + Level 5.2 Transmutations
 - Level 3.0 Poison Magic


You had 8 spell levels left.
You knew the following spells:

 Your Spells              Type           Power      Damage    Failure   Level
a - Beastly Appendage     Tmut           44%        N/A       1%          1
b - Wereblood             Tmut           22%        N/A       2%          2
c - Spider Form           Tmut/Pois      18%        N/A       9%          3
z - Blink                 Tloc           28%        N/A       6%          2

Your spell library contained the following spells:

 Spells                   Type           Power      Damage    Failure   Level
 Ice Form                 Ice/Tmut       13%        N/A       45%         4
 Manifold Assault         Tloc           14%        N/A       75%         5
 Storm Form               Tmut/Air       6%         N/A       100%        7


Dungeon Overview and Level Annotations

Branches:
Dungeon (7/15)             Temple (1/1) D:7           Sewer (visited)

Altars:
Ashenzari
Cheibriados
Dithmenos
Elyvilon
Fedhas
Gozag
Hepliaklqana
Kikubaaqudgha
Makhleb
Nemelex Xobeh
Okawaru
Qazlal
Ru
Sif Muna
Trog
Uskayaw
Vehumet
Wu Jian
Xom
Yredelemnul
Zin
The Shining One

Annotations:
D:7 Maggie


Innate Abilities, Weirdness & Mutations

You have temporarily grown beastly horns and talons.
You can breathe blasts of scalding, opaque steam.
Your pale cyan-grey scales are hard. (AC +7)
You cannot fit into any form of body armour.
You are cold-blooded and may be slowed by cold attacks.
You are immune to the effects of steam.


Message History

Maggie draws you further into her thrall.
Aiming: Breathe Steam (1% risk of failure)
Press: ? - help, Q - select action, (/) - cycle Shift-Dir - straight line, f - kobold, p - orange demon
Aim: a kobold, wielding a +0 club You exhale a blast of scalding steam.
The ball of steam hits the kobold demonologist.
The kobold demonologist is almost dead.
The ball of steam hits Maggie.
Maggie is heavily wounded.
You feel a bit more experienced.
The kobold demonologist is engulfed in a cloud of scalding steam.
You feel a bit better.
You kill the kobold demonologist!
Okawaru accepts your kill.
The orange demon disappears in a puff of smoke!
The rust devil disappears in a puff of smoke!
Maggie is engulfed in a cloud of scalding steam.
Maggie completely misses you.
Your Dodging skill increases to level 4!
Your Transmutations skill increases to level 5!
Casting: Wereblood (safe; 2% risk of failure)
Confirm with . or Enter, or press ? or * to list all spells.
You extend your transformation's duration.
You howl as the wereblood boils in your veins!
Maggie is engulfed in a cloud of scalding steam.
Maggie misses you. The kobold barely misses you.
Maggie points at you and mumbles some strange words.
The bolt of fire misses you.
There is an open door, spattered with blood here.
Items here: )) [[ ††.
You punch Maggie! You headbutt Maggie, but do no damage.
Maggie is almost dead.
The kobold hits you but does no damage. Maggie barely misses you.
You hit Maggie.
Maggie is almost dead.
The kobold barely misses you.
Maggie hits you with a +2 vorpal glaive!
* * * LOW HITPOINT WARNING * * *
You die...

### ..# #######
..# ...(... ..#
....... ..#
....... ..#####
####K...§..
......#
#..@@)..§..
......#
#.##K......
......# #.#
#######
......########.#
......'........#
......##########
......# ##<#####
......# #......#
......#
###......#


You could see Maggie (mesmerising) and 2 kobolds.

Vanquished Creatures
  2 kobold demonologists (D:7)
  A water moccasin (D:7)
  An ice beast (D:5)
  2 ogres
  A black bear (D:6)
  2 necrophages
  A phantom (D:6)
  A centaur (D:7)
  A scorpion (D:5)
  A wyvern zombie (D:5)
  A water moccasin skeleton (D:5)
  3 killer bees (D:5)
  A howler monkey (D:5)
  A centaur zombie (D:4)
  3 hounds
  A bullfrog skeleton (D:6)
  An orc priest (D:5)
  A centaur skeleton (D:6)
  2 jellies (D:6)
  2 iguanas
  Natasha (thrice) (D:3)
  An orc wizard (D:5)
  A howler monkey skeleton (D:4)
  12 adders
  A shadow imp (D:6)
  An ufetubus (D:7)
  8 worms
  2 dart slugs (D:4)
  19 orcs
  12 endoplasms
  4 giant cockroaches
  3 goblins
  7 hobgoblins
  4 jackals (Sewer)
  6 kobolds
  4 quokkas
  6 ball pythons
  15 bats
  2 frilled lizards
  5 rats
145 creatures vanquished.

Notes
Turn   | Place    | Note
-------+----------+-------------------------------------------
     0 | D:1      | ChaosChampion the Draconian Transmuter began the quest for
                  | the Orb.
     0 | D:1      | Reached XP level 1. HP: 16/16 MP: 3/3
   452 | D:1      | Reached XP level 2. HP: 23/23 MP: 5/5
   949 | D:1      | Found a faded altar of an unknown god.
  1045 | D:2      | Found a white marble altar of Elyvilon.
  1155 | D:2      | Reached skill level 4 in Unarmed Combat
  1441 | D:2      | Reached XP level 3. HP: 26/28 MP: 6/6
  1916 | D:2      | Learned a level 2 spell: Wereblood
  2081 | D:2      | Learned a level 2 spell: Blink
  2267 | D:3      | Noticed a necrophage
  2275 | D:3      | Reached XP level 4. HP: 35/35 MP: 3/7
  2283 | D:3      | Killed a necrophage
  2284 | D:3      | Reached skill level 5 in Unarmed Combat
  2284 | D:3      | Reached XP level 5. HP: 25/40 MP: 4/8
  2290 | D:3      | Found a glowing drain.
  2517 | Sewer    | Entered a sewer
  3161 | Sewer    | Reached skill level 6 in Unarmed Combat
  3482 | D:3      | Noticed Natasha
  3490 | D:3      | Killed Natasha
  3823 | D:3      | Noticed Natasha
  3831 | D:3      | Killed Natasha
  3832 | D:3      | Reached XP level 6. HP: 47/47 MP: 5/9
  3843 | D:3      | Noticed Natasha
  3851 | D:3      | Killed Natasha
  4258 | D:4      | Learned a level 3 spell: Spider Form
  4358 | D:4      | Reached skill level 7 in Unarmed Combat
  4771 | D:5      | Entered Level 5 of the Dungeon
  4898 | D:5      | Reached skill level 1 in Poison Magic
  4922 | D:5      | HP: 2/47 [killer bee (3)]
  4925 | D:5      | Your scales start taking on a pale cyan-grey colour.
  4925 | D:5      | Reached XP level 7. HP: 12/52 MP: 5/10
  4925 | D:5      | Gained mutation: You are immune to the effects of steam.
                  | [Pale Draconian growth]
  5190 | D:5      | Reached skill level 8 in Unarmed Combat
  5213 | D:5      | Reached skill level 1 in Translocations
  5991 | D:5      | Reached XP level 8. HP: 61/61 MP: 7/11
  7170 | D:7      | Found a staircase to the Ecumenical Temple.
  7177 | Temple   | Entered the Ecumenical Temple
  7422 | Temple   | Became a worshipper of Warmaster Okawaru
  7549 | D:7      | Found a bloodstained altar of Trog.
  7710 | D:7      | Noticed Maggie
  7718 | D:7      | Noticed a kobold demonologist
  7720 | D:7      | Noticed a kobold demonologist
  7728 | D:7      | Noticed a hellwing
  7731 | D:7      | Killed a kobold demonologist
  7731 | D:7      | Reached * piety under Okawaru
  7732 | D:7      | Reached XP level 9. HP: 24/71 MP: 8/15
  7736 | D:7      | Noticed an orange demon
  7738 | D:7      | Noticed a rust devil
  7751 | D:7      | Killed a kobold demonologist
  7752 | D:7      | Reached skill level 5 in Transmutations
  7755 | D:7      | HP: 1/72 [Maggie (16)]
  7755 | D:7      | Slain by Maggie

Illustrated notes

Levels and vault maps discovered:
D:1:      psy_arrival_radial02, layout_basic,
          hellmonk_ecumenical_altar_heavens_door
D:2:      layout_basic, basic_altar
D:3:      layout_rooms, cheibrodos_sewer_entry_sluice, hex_intersection,
          amethyst_killhole, hangedman_glass_teeth, uniq_natasha
D:4:      layout_cave_pools
D:5:      layout_basic, abandoned_shop, st_stairs_3, glass_columns_c
D:6:      layout_basic
D:7:      layout_basic, mainiacjoe_overflow_surrounded_room,
          minmay_temple_entry_nine_rooms, kennysheep_donut, glass_columns_a,
          uniq_crazy_yiuf_cottage, uniq_maggie
Temple:   mainiacjoe_temple_archimedes_tessellation

Skill      XL: |  1  2  3  4  5  6  7  8  9 |
---------------+----------------------------+-----
Unarmed Combat | 4 5 6 7 8 |  8.0
Transmutations | 3 4 5 |  5.2
Poison Magic   | 1 3 |  3.0
Translocations | 2 3 |  3.0
Dodging        | 2 3 4 |  4.2
Fighting       | 4 |  4.7
Spellcasting   | 4 |  4.0

Action                   |  1- 3 |  4- 6 |  7- 9 || total
-------------------------+-------+-------+-------++-------
Melee: Unarmed           |   144 |   225 |    99 ||   468
       Tailslap          |    12 |    20 |     6 ||    38
       Headbutt          |     9 |    15 |    10 ||    34
       Kick              |     9 |    30 |    11 ||    50
       Punch             |     2 |     2 |     1 ||     5
Throw: Dart              |     2 |       |       ||     2
 Cast: Beastly Appendage |    21 |    34 |    21 ||    76
       Wereblood         |     1 |     9 |     7 ||    17
       Spider Form       |       |       |     5 ||     5
 Abil: Breathe Steam     |       |       |    25 ||    25
  Use: Potion            |       |     3 |     5 ||     8
       Scroll            |       |     3 |     1 ||     4
 Stab: Sleeping          |       |     2 |       ||     2
Armor: Skin              |    50 |    83 |    12 ||   145
Dodge: Dodged            |   126 |   327 |    96 ||   549

Table legend: (Time is in decaauts)
 A = Elapsed time spent in this place.
 B = Non-inter-level travel time spent in this place.
 C = Inter-level travel time spent in this place.
 D = Time resting spent in this place.
 E = Time spent auto-exploring this place.
 F = Levels seen in this place.
 G = Mean time per level.
                   A        B        C        D        E       F      G
               +--------+--------+--------+--------+--------+-----+--------+
         Total |   7839 |   7588 |    251 |    167 |   6016 |   9 |  871.0 |
       Dungeon |   6799 |   6557 |    242 |    167 |   5304 |   7 |  971.3 |
        Temple |    254 |    245 |      9 |      0 |    174 |   1 |  254.0 |
         Sewer |    785 |    785 |      0 |      0 |    537 |   1 |  785.0 |
               +--------+--------+--------+--------+--------+-----+--------+

Top non-repeatable levels by time:
     D:5: 1446 daAuts
     D:2: 1166 daAuts
     D:3: 1129 daAuts
     D:1: 1052 daAuts
     D:6: 871 daAuts
   Sewer: 785 daAuts
     D:4: 740 daAuts
     D:7: 393 daAuts
  Temple: 254 daAuts
